AoeStats
← Octavio

Arabia

510187664Analyzed
1v1 RM · 3d ago on Sep 29, 2026· 39m 36s· 2 players
Game mode
Random Map
Map size
Tiny (2 player)
Population
200
Speed
Normal
Resources
Standard
Victory
Conquest
Starting age
Dark Age
Ending age
Imperial Age
RankedLock teamsTeams togetherTeam positionsShared explorationLock speedFull tech treeHidden civsTurbo modeCheats
Victory
Defeat
🇦🇷 Mongols · Argentina
666
+14
🇦🇷 Romans · Argentina
618
-14
Octavio
15:22 Feudal Age
15:58 Horse Collar
16:04 Double-Bit Axe
16:20 Gold Mining
19:42 Wheelbarrow
19:38 Forging
19:30 Man-at-Arms
21:39 Stone Mining
24:05 Bloodlines
26:12 Scale Barding Armor
26:08 Scale Mail Armor
35:37 Castle Age
38:26 Heavy Plow
39:23 Iron Casting
39:10 Chain Barding Armor
38:17 Light Cavalry
38:58 Husbandry
MataGato
9:06 Feudal Age
9:47 Double-Bit Axe
11:37 Horse Collar
19:06 Castle Age
17:23 Gold Mining
17:24 Stone Mining
19:59 Fletching
20:21 Thumb Ring
20:57 Gold Shaft Mining
21:58 Bow Saw
23:36 Bodkin Arrow
24:49 Padded Archer Armor
27:01 Wheelbarrow
26:12 Town Watch
26:13 Loom
29:07 Ballistics
29:55 Pikeman
30:35 Squires
32:37 Hand Cart
32:22 Town Patrol
33:08 Hand Cart
32:56 Town Patrol
36:31 Imperial Age
40:07 Conscription
Connection lost

Rejoining the realm…

Still unreachable

The connection could not be restored.

Session expired

The server has moved on; the page needs a fresh start.